 Dungeon Crawl Stone Soup version 0.27-a0-1612-gde56a17b89 (webtiles) character file.

Game seed: 5298171897561119598

175 Zonian the Digger (level 5, 0/25 HPs)
             Began as a Vine Stalker Earth Elementalist on July 22, 2021.
             Slain by a black bear (2 damage)
             ... on level 4 of the Dungeon.
             The game lasted 00:05:54 (3500 turns).

Zonian the Digger (Vine Stalker Earth Elementalist) Turns: 3500, Time: 00:05:55

Health: 0/25       AC:  2    Str: 11    XL:     5   Next: 55%
Magic:  0/10       EV: 12    Int: 16    God:
Gold:   153        SH:  0    Dex: 14    Spells: 8/9 levels left

rFire    . . .     SeeInvis .   a - +0 dagger
rCold    . . .     Faith    .   (no shield)
rNeg     . . .     Spirit   +   b - +0 robe
rPois    .         Reflect  .   (no helmet)
rElec    .         Harm     .   (no cloak)
rCorr    .         Rampage  .   (no gloves)
Will     .....                  (no boots)
Stlth    +++.......             (no amulet)
HPRegen  1.08/turn              k - +4 ring of slaying
MPRegen  0.12/turn              (no ring)

@: very slightly contaminated
A: fangs 2, regeneration 1, magic shield, antimagic bite, no potion heal 2
a: no special abilities


You were on level 4 of the Dungeon.
You visited 1 branch of the dungeon, and saw 4 of its levels.

You collected 153 gold pieces.

Inventory:

Hand Weapons
 a - a +0 dagger (weapon)
 h - a +3 flail of draining
Missiles
 c - 71 stones
Armour
 b - a +0 robe (worn)
Jewellery
 k - a +4 ring of slaying (left hand)
Scrolls
 g - 2 scrolls of identify
 j - 3 scrolls of teleportation
Potions
 d - a potion of lignification {unknown}
 e - 2 potions of might
 f - a potion of mutation {unknown}
 i - a potion of curing


   Skills:
 + Level 1.1 Fighting
 + Level 0.8 Short Blades
 + Level 1.6 Maces & Flails
 + Level 2.0 Dodging
 + Level 3.9 Stealth
 + Level 2.9 Spellcasting
 + Level 1.0 Transmutations
 + Level 3.9 Earth Magic


You had 8 spell levels left.
You knew the following spells:

 Your Spells              Type           Power      Damage    Failure   Level
a - Sandblast             Erth           28%        2d8       3%          1

Your spell library contained the following spells:

 Spells                   Type           Power      Damage    Failure   Level
 Passwall                 Tmut/Erth      8%         N/A       11%         2
 Stone Arrow              Conj/Erth      16%        3d8       26%         3
 Slow                     Hex            2%         N/A       28%         2
 Confusing Touch          Hex            2%         N/A       50%         3
 Vampiric Draining        Necr           1%         2d6       50%         3
 Petrify                  Tmut/Erth      10%        N/A       56%         4


Dungeon Overview and Level Annotations

Branches:
Dungeon (4/15)
 Temple: D:4-7

Altars:
Gozag


Innate Abilities, Weirdness & Mutations

You have extremely sharp teeth.
Your natural rate of healing is unusually fast.
When hurt, damage is shared between your health and your magic reserves.
Your bite disrupts and absorbs the magic of your enemies.
Potions cannot restore your health.


Message History

Aiming: Sandblast (safe; 3% risk of failure)
Press: ? - help, Shift-Dir - straight line, f - black bear
Aim: a black bear (moderately wounded, 85% to hit)
The blast of sand hits the black bear.
The black bear is moderately wounded.
The black bear bites you. The black bear barely misses you.
The black bear completely misses you.
Casting: Sandblast (safe; 3% risk of failure)
Confirm with . or Enter, or press ? or * to list all spells.
Aiming: Sandblast (safe; 3% risk of failure)
Press: ? - help, Shift-Dir - straight line, f/p - black bear
Aim: a black bear (moderately wounded, 85% to hit)
The blast of sand hits the black bear!
The black bear is almost dead.
The black bear bites you.
The black bear claws you but does no damage.
The black bear barely misses you.
Unknown command.
Casting: Sandblast (safe; 3% risk of failure)
Confirm with . or Enter, or press ? or * to list all spells.
Aiming: Sandblast (safe; 3% risk of failure)
Press: ? - help, Shift-Dir - straight line, f/p - black bear
Aim: a black bear (almost dead, 85% to hit)
The blast of sand hits the black bear.
The black bear is almost dead.
The black bear goes berserk!
Unknown command.
Casting: Sandblast (safe; 3% risk of failure)
Confirm with . or Enter, or press ? or * to list all spells.
Aiming: Sandblast (safe; 3% risk of failure)
Press: ? - help, Shift-Dir - straight line, f/p - black bear
Aim: a black bear (almost dead, berserk, 85% to hit)
You miscast Sandblast.
You are very lightly contaminated with residual magic.
Nothing appears to happen.
The black bear bites you!
* * * LOW HITPOINT WARNING * * *
The black bear claws you.
* * * LOW HITPOINT WARNING * * *
The black bear claws you.
You die...

############
#..........#
#..........#
#..........#
#.....h....##
#....@.......
#.............#
#..........#..#
###...#....#...##
##..........#...#
#..<.....>....#.###
#.................
#...............###
##.................


You could see a black bear (berserk).

Vanquished Creatures
  A necrophage (D:4)
  An orc wizard (D:3)
  A hound skeleton (D:4)
  A worm (D:2)
  A dart slug (D:2)
  3 orcs (D:3)
  5 ball pythons
  4 bats
  2 endoplasms
  3 giant cockroaches
  2 hobgoblins
  4 jackals (D:3)
  3 kobolds (D:1)
  5 quokkas
  2 frilled lizards (D:1)
  5 goblins
  3 rats (D:2)
46 creatures vanquished.

Notes
Turn   | Place    | Note
-------+----------+-------------------------------------------
     0 | D:1      | Zonian the Vine Stalker Earth Elementalist began the quest
                  | for the Orb.
     0 | D:1      | Reached XP level 1. HP: 9/9 MP: 4/4
   194 | D:1      | Reached XP level 2. HP: 5/13 MP: 1/6
   607 | D:1      | Found a faded altar of an unknown god.
  1554 | D:2      | Reached XP level 3. HP: 16/16 MP: 3/7
  2564 | D:3      | Gained mutation: Your natural rate of healing is unusually
                  | fast. [Vine Stalker growth]
  2564 | D:3      | Reached XP level 4. HP: 12/21 MP: 6/8
  3029 | D:4      | Noticed a necrophage
  3031 | D:4      | Found an opulent altar of Gozag.
  3038 | D:4      | Killed a necrophage
  3039 | D:4      | Reached skill level 1 in Fighting
  3039 | D:4      | Reached skill level 1 in Maces & Flails
  3039 | D:4      | Reached XP level 5. HP: 13/25 MP: 2/10
  3416 | D:4      | Noticed a black bear
  3500 | D:4      | Slain by a black bear

Illustrated notes

Levels and vault maps discovered:
D:1:      erik_arrival_orb_chamber, layout_rooms,
          shapermc_ecumenical_altar_acropolis, serial_forest,
          infiniplex_forest_lined_room_3, infiniplex_forest_lined_ring,
          infiniplex_forest_end_3, infiniplex_forest_zigzag_1,
          infiniplex_forest_clump_curved, infiniplex_forest_zigzag_2,
          kennysheep_another_room
D:2:      layout_loops_cross
D:3:      layout_basic
D:4:      layout_rooms, lemuel_round_altar, nicolae_gozag_seed_capital,
          hangedman_decor_riveting

Skill      XL: |  1  2  3  4 |
---------------+-------------+-----
Stealth        | 3 |  3.9
Fighting       | 1 |  1.1
Maces & Flails | 1 |  1.6
Dodging        | 2 |  2.0
Short Blades   | |  0.8
Spellcasting   | |  2.9
Transmutations | |  1.0
Earth Magic    | |  3.9

Action                   |  1- 3 |  4- 6 || total
-------------------------+-------+-------++-------
Melee: Unarmed           |    11 |       ||    11
       Dagger            |    26 |    16 ||    42
       Bite              |    18 |     5 ||    23
       Flail             |    27 |    16 ||    43
 Cast: Sandblast         |    13 |     5 ||    18
  Use: Scroll            |     6 |     1 ||     7
 Stab: Sleeping          |     6 |     1 ||     7
Armor: Robe              |    17 |     8 ||    25
Dodge: Dodged            |    38 |    26 ||    64

Table legend: (Time is in decaauts)
 A = Elapsed time spent in this place.
 B = Non-inter-level travel time spent in this place.
 C = Inter-level travel time spent in this place.
 D = Time resting spent in this place.
 E = Time spent auto-exploring this place.
 F = Levels seen in this place.
 G = Mean time per level.
                   A        B        C        D        E       F      G
               +--------+--------+--------+--------+--------+-----+--------+
         Total |   3514 |   3451 |     63 |   1370 |   1606 |   4 |  878.5 |
       Dungeon |   3514 |   3451 |     63 |   1370 |   1606 |   4 |  878.5 |
               +--------+--------+--------+--------+--------+-----+--------+

Top non-repeatable levels by time:
     D:1: 1404 daAuts
     D:2: 1077 daAuts
     D:3: 628 daAuts
     D:4: 403 daAuts
